 Dungeon Crawl Stone Soup version 0.21.1-1-g345015f (webtiles) character file.

56 shakethe the Chopper (level 3, -2/21 HPs)
             Began as a Gargoyle Warper on Feb 7, 2018.
             Was a Follower of Cheibriados.
             Slain by a worker ant (4 damage)
             ... on level 2 of the Dungeon.
             The game lasted 00:03:56 (1685 turns).

shakethe the Chopper (Gargoyle Warper)              Turns: 1685, Time: 00:03:57

Health: -2/21      AC:  6    Str: 16    XL:     3   Next: 95%
Magic:  1/6        EV: 12    Int: 15    God:    Cheibriados [*.....]
Gold:   83         SH:  0    Dex: 12    Spells: 3/7 levels left

rFire    . . .     SeeInvis .   a - +0 hand axe
rCold    . . .     Gourm    .   (no shield)
rNeg     + . .     Faith    .   b - +0 leather armour
rPois    ∞         Spirit   .   (no helmet)
rElec    +         Reflect  .   (no cloak)
rCorr    .         Harm     .   (no gloves)
MR       .....                  (no boots)
Stlth    +.........             (no amulet)
HPRegen  0.07/turn              (no ring)
MPRegen  0.10/turn              (no ring)

@: very slow
A: negative energy resistance 1, electricity resistance, unbreathing,
petrification resistance, rot immunity, AC +3
a: Bend Time, Renounce Religion


You were on level 2 of the Dungeon.
You worshipped Cheibriados.
Cheibriados was aware of your devotion.
You were very hungry.

You visited 1 branch of the dungeon, and saw 2 of its levels.

You collected 83 gold pieces.

Inventory:

Hand Weapons
 a - a +0 hand axe (weapon)
Missiles
 e - 5 tomahawks of dispersal (quivered)
Armour
 b - a +0 leather armour (worn)
 j - a +0 large shield
Scrolls
 d - 3 scrolls of blinking
 g - a scroll of identify {unknown}
 i - a scroll of fog {unknown}
 k - a scroll of remove curse {unknown}
Potions
 h - a potion of magic {unknown}
 l - a potion of lignification {unknown}
Books
 c - a book of Spatial Translocations

   Spells                             Type                      Level
   a - Blink                          Translocation                2
   b - Shroud of Golubria             Charms/Translocation         2
   c - Lesser Beckoning               Translocation                3
   d - Gell's Gravitas                Translocation                3
   e - Teleport Other                 Translocation                3
   f - Passage of Golubria            Translocation                4
Comestibles
 f - 5 rations


   Skills:
 - Level 2.1 Fighting
 * Level 3.0 Axes
 - Level 0.8 Throwing
 - Level 1.1 Armour
 + Level 1.7 Dodging
 + Level 2.5 Spellcasting
 + Level 2.9 Translocations


You had 3 spell levels left.
You knew the following spells:

 Your Spells              Type           Power        Failure   Level  Hunger
a - Blink                 Tloc           N/A          12%         2    ###....
b - Shroud of Golubria    Chrm/Tloc      #.........   22%         2    ###....


Dungeon Overview and Level Annotations

Branches:
Dungeon (2/15)

Altars:
Cheibriados


Innate Abilities, Weirdness & Mutations

You are resistant to torment.
Your stone body is resilient. (AC +3)
You are immune to poison.
You resist negative energy. (rN+)
You are resistant to electric shocks. (rElec)
You can survive without breathing.
You are immune to petrification.
You are immune to rotting.


Message History

You closely miss the worker ant.
The worker ant is moderately wounded.
Your shroud begins to fray at the edges.
The worker ant barely misses you.
Casting: Shroud of Golubria
Confirm with . or Enter, or press ? or * to list all spells.
You blink.
Casting: Blink
Confirm with . or Enter, or press ? or * to list all spells.
You don't have enough magic to cast that spell.
Your shroud unravels.
The bat closely misses you. The worker ant bites you.
* * * LOW HITPOINT WARNING * * *
Casting: Blink
Confirm with . or Enter, or press ? or * to list all spells.
You don't have enough magic to cast that spell.
The bat hits you but does no damage.
The worker ant waves its antennae.
The worker ant bites you.
You die...

#.# ###### ###.###
#..... #.....#
#.####
#####.....########.#
#.. ..b.....().ab..#
#.# #.....##########
#.####.###.....#
#.........a@.#
######
######.#######
#....# #.# #.##.#
#.# #.##.###### #.#
##.##....... #.#
#.#.......## #.#
##.##.÷##.# #.#
####..##.# ###.#
#..##.#


You could see a worker ant and a bat.

Vanquished Creatures
  2 adders (D:2)
  A worm (D:2)
  A leopard gecko (D:2)
  An orc (D:2)
  2 giant cockroaches (D:1)
  2 goblins
  3 hobgoblins
  4 jackals (D:1)
  3 kobolds
  6 bats
  3 frilled lizards
  6 rats
34 creatures vanquished.

Notes
Turn   | Place    | Note
-------+----------+-------------------------------------------
     0 | D:1      | shakethe the Gargoyle Warper began the quest for the Orb.
     0 | D:1      | Reached XP level 1. HP: 12/12 MP: 3/3
    50 | D:1      | Found a snail-covered altar of Cheibriados.
    57 | D:1      | Reached skill level 2 in Axes
    81 | D:1      | Reached XP level 2. HP: 3/17 MP: 5/5
   363 | D:1      | Became a worshipper of Cheibriados the Contemplative
   789 | D:1      | Learned a level 2 spell: Blink
   792 | D:1      | Learned a level 2 spell: Shroud of Golubria
   930 | D:2      | Reached XP level 3. HP: 20/21 MP: 6/6
  1286 | D:2      | Reached * piety under Cheibriados
  1380 | D:2      | Reached skill level 3 in Axes
  1685 | D:2      | Slain by a worker ant

Skill      XL: |  1  2  3 |
---------------+----------+-----
Axes           | 2 3 |  3.0
Fighting       | |  2.1
Throwing       | |  0.8
Armour         | |  1.1
Dodging        | |  1.7
Spellcasting   | |  2.5
Translocations | |  2.9

Action                   || total
-------------------------++-------
Melee: Hand axe          ||   155
 Cast: Shroud of Golubri ||     4
       Blink             ||     1
  Eat: Chunk             ||     2
Armor: Leather armour    ||    84
Dodge: Dodged            ||   135
